 Dungeon Crawl Stone Soup version 0.29-a0-359-g541a27f54d (webtiles) character file.

Game seed: 5134211187399141978

92729 HendSelp the Impaler (level 16, 0/133 HPs)
             Began as a Human Gladiator on Apr 27, 2022.
             Was an Initiate of Gozag.
             Shot with an arrow by a centaur warrior (18 damage)
             ... on level 13 of the Dungeon.
             The game lasted 00:43:54 (28828 turns).

HendSelp the Impaler (Human Gladiator)             Turns: 28828, Time: 00:43:55

Health: 0/133      AC: 25    Str: 34    XL:     16   Next: 54%
Magic:  16/16      EV: 12    Int:  8    God:    Gozag
Gold:   207        SH:  0    Dex: 17    Spells: 15/15 levels left

rFire   + + +      SeeInvis .   K - +3 bardiche
rCold   + + .      Faith    .   (shield currently unavailable)
rNeg    + . .      Spirit   .   H - +1 plate armour
rPois   +          Reflect  .   m - +2 helmet
rElec   +          Harm     .   v - +2 cloak of Yfun {rF++ rN+}
rCorr   +          Rampage  .   B - +2 pair of gloves
Will    +....                   u - +1 pair of boots of Paranoia {Drain +Blink rC+}
Stlth   ..........              O - amulet "Napneh" {rElec Regen+ Str+3}
HPRegen 1.12/turn               P - ring "Tithrigy" {rCorr Str+6}
MPRegen 0.15/turn               k - +6 ring of strength

@: mighty, brilliant, resistant, gold aura, studying Stealth
A: deformed body, weak 1
a: Renounce Religion, Evoke Blink, Potion Petition, Call Merchant, Bribe Branch


You were on level 13 of the Dungeon.
You worshipped Gozag.
Gozag was aware of your devotion.
You visited 4 branches of the dungeon, and saw 22 of its levels.
You also visited: Sewer and Ice Cave.

You collected 8349 gold pieces.
You spent 3169 gold pieces at shops.
You paid 4973 gold pieces to Gozag.

Inventory:

Hand Weapons
 a - a +0 trident of flaming
 K - a +3 bardiche (weapon)
Missiles
 e - 18 javelins (quivered)
Armour
 m - a +2 helmet (worn)
 u - the +1 pair of boots of Paranoia (worn) {Drain +Blink rC+}
   (You bought it in a shop on level 2 of the Orcish Mines)

   rC:        It protects you from cold.
   +Blink:    It lets you blink.
   Drain:     It drains your maximum health when unequipped.
 v - the +2 cloak of Yfun (worn) {rF++ rN+}
   (You bought it in a shop on level 4 of the Dungeon)

   rF:        It greatly protects you from fire.
   rN:        It protects you from negative energy.
 B - a +2 pair of gloves (worn)
 H - a +1 plate armour (worn)
Jewellery
 h - a ring of flight
 k - a +6 ring of strength (right hand)
 x - a +4 ring of evasion
 J - a ring of protection from cold
 O - the amulet "Napneh" (around neck) {rElec Regen+ Str+3}
   (You bought it in a shop on level 10 of the Dungeon)

   [amulet of regeneration]

   Str:       It affects your strength (+3).
   rElec:     It insulates you from electricity.
   Regen:     It increases your rate of health regeneration.
 P - the ring "Tithrigy" (left hand) {rCorr Str+6}
   (You bought it in a shop on level 10 of the Dungeon)

   [ring of strength]

   Str:       It affects your strength (+6).
   rCorr:     It protects you from acid and corrosion.
Wands
 p - a wand of paralysis (19)
 q - a wand of polymorph (20)
 y - a wand of flame (35)
 D - a wand of acid (12)
 E - a wand of digging (15)
 G - a wand of iceblast (20)
 S - a wand of charming (6)
Scrolls
 f - 6 scrolls of fog
 l - a scroll of immolation
 r - 5 scrolls of amnesia
 w - 8 scrolls of identify
 N - a scroll of holy word
 Q - 2 scrolls of magic mapping
Potions
 b - 3 potions of magic
 c - 10 potions of curing
 g - 6 potions of brilliance
 i - a potion of ambrosia
 j - 3 potions of lignification
 s - 3 potions of mutation
 z - 7 potions of attraction
 C - a potion of cancellation
 F - 3 potions of flight


   Skills:
 + Level 14.2 Fighting
 + Level 19.4 Polearms
 - Level 2.2 Throwing
 + Level 13.8 Armour
 + Level 7.3 Dodging
 - Level 0.3 Stealth


You had 15 spell levels left.
You didn't know any spells.
Your spell library contained the following spells:

 Spells                   Type           Power      Damage    Failure   Level
 Sting                    Tmut/Pois      0%         1d3       90%         1
 Summon Small Mammal      Summ           0%         N/A       90%         1
 Ensorcelled Hibernation  Hex/Ice        0%         N/A       97%         2
 Poisonous Vapours        Pois/Air       0%         N/A       97%         2
 Call Canine Familiar     Summ           0%         N/A       99%         3
 Spider Form              Tmut/Pois      0%         N/A       99%         3
 Stone Arrow              Conj/Erth      0%         3d7       99%         3
 Summon Guardian Golem    Hex/Summ       0%         N/A       99%         3
 Tukima's Dance           Hex            0%         N/A       99%         3
 Anguish                  Hex/Necr       0%         N/A       100%        4
 Animate Armour           Summ/Erth      0%         N/A       100%        4
 Hailstorm                Conj/Ice       0%         3d3       100%        4
 Ice Form                 Ice/Tmut       0%         N/A       100%        4
 Olgreb's Toxic Radiance  Pois           0%         N/A       100%        4
 Summon Forest            Summ/Tloc      0%         N/A       100%        5
 Summon Mana Viper        Hex/Summ       0%         N/A       100%        5
 Dispersal                Tloc           0%         N/A       100%        6
 Simulacrum               Ice/Necr       0%         N/A       100%        6
 Summon Cactus Giant      Summ           0%         N/A       100%        6
 Enfeeble                 Hex            0%         N/A       100%        7
 Disjunction              Tloc           0%         N/A       100%        8
 Lehudib's Crystal Spear  Conj/Erth      0%         10d2      100%        8


Dungeon Overview and Level Annotations

Branches:
Dungeon (13/15)            Temple (1/1) D:4            Lair (6/6) D:10
 Shoals (0/4) Lair:3        Snake (0/4) Lair:4        Slime (0/5) Lair:5
    Orc (2/2) D:10            Elf (0/3) Orc:2        Vaults (0/5) D:13
  Sewer (visited)           IceCv (visited)

Altars:
Cheibriados
Dithmenos
Elyvilon
Fedhas
Gozag
Hepliaklqana
Kikubaaqudgha
Makhleb
Nemelex Xobeh
Okawaru
Qazlal
Sif Muna
Trog
Uskayaw
Vehumet
Wu Jian
Zin
The Shining One
Beogh

Shops:
D:4 *   D:8 ((   D:10 !=   D:13 ?   Orc:1 [   Orc:2 ?===[   Lair:6 *

Annotations:
D:6 3 runed translucent doors, zishaf's ghost, novice VSBr
Lair:5 3 runed translucent doors, Caath's ghost, journeyman DrFi


Innate Abilities, Weirdness & Mutations

Armour fits poorly on your strangely shaped body.
You are weak. (Str -2)


Message History

Press: ? - help, Dir - move target, f - troll
Aim: a troll (about 29% to evade your +3 bardiche)
The centaur warrior shouts!
You slice the troll!!
The troll is heavily wounded.
The troll bites you but does no damage. The troll claws you.
* * * LOW HITPOINT WARNING * * *
The troll claws you but does no damage.
Reach: K) +3 bardiche
Press: ? - help, Dir - move target, f/p - troll
Aim: a troll (heavily wounded, about 29% to evade your +3 bardiche)
You slice the troll like a ripe choko!!!
You kill the troll!
Unknown command.
Reach: K) +3 bardiche
Press: ? - help, Dir - move target, f - boulder beetle
Aim: a boulder beetle (about 8% to evade your +3 bardiche)
You slice the boulder beetle!!
The boulder beetle is moderately wounded.
The centaur warrior is no longer distracted by gold.
The boulder beetle leaps!
The centaur warrior shoots an arrow.
The arrow closely misses you.
The arrow hits the boulder beetle!!
Reach: K) +3 bardiche
Press: ? - help, Dir - move target, f/p - boulder beetle
Aim: a boulder beetle (heavily wounded, about 8% to evade your +3 bardiche)
You slice the boulder beetle like a ripe choko!!!
The boulder beetle is almost dead.
The centaur warrior shoots an arrow.
The arrow hits you!!
* * * LOW HITPOINT WARNING * * *
The boulder beetle leaps!
Reach: K) +3 bardiche
Press: ? - help, Dir - move target, f - centaur warrior
Aim: a centaur warrior, wielding a +0 longbow, wearing a +0 robe and quivering stones (about 24% to evade your +3 bardiche)
You reach to attack!
You barely miss the centaur warrior.
The centaur warrior shoots an arrow.
The arrow misses you.
The centaur warrior shoots an arrow.
The arrow hits you.
* * * LOW HITPOINT WARNING * * *
You feel better.
The centaur warrior shoots an arrow.
The arrow hits you!!
You die...
Your body crumbles into a pile of gold.

.B#.u.c...#........##.#
#.u.uu⌠$#.#.####...##
##..Y##§y8.$$...# ###..#
...}y#..$.⌠.#...# ##.######
.............#$#.# ####.......
.###.#####$..#.#.####....### #.
..#$.#c........#.# #.
###}###$###..####..# #. .# #@#
#..# #...# . . #.###..# #....#
################..##..# ......
......................### ...>...
..............###...............#
...######......##.##......# ..##
#...#...#.###.....## #.##
#..###..(B##.......## ##.#
##..###..............#


You could see a boulder beetle and a centaur warrior.

Vanquished Creatures
  An ironbound preserver (D:13)
  2 very ugly things (D:13)
  Fannar (Lair:1)
  4 hydras
  Erolcha (Orc:2)
  An ogre mage (Orc:2)
  3 boulder beetles
  4 catoblepae
  11 two-headed ogres
  5 centaur warriors (D:13)
  9 death yaks (Lair:6)
  Urug (D:13)
  A tengu warrior (D:13)
  Sonja (D:11)
  A skeletal warrior (D:13)
  Lodul (D:11)
  A deep troll (Lair:2)
  A lindwurm (D:8)
  2 deep elf zephyrmancers
  10 deep elf pyromancers
  6 orc knights
  9 orc sorcerers
  4 oklob plants (Lair:5)
  A wolf spider (D:13)
  7 cyclopes
  A salamander (shapeshifter) (D:13)
  6 manticores
  9 ugly things
  Maurice (D:11)
  3 ice statues (IceCv)
  9 elephants
  4 black mambas
  3 gargoyles
  7 cane toads
  5 komodo dragons
  A rime drake (Lair:4)
  A tengu conjurer (D:13)
  A yaktaur (D:13)
  An entropy weaver simulacrum (IceCv)
  3 kobold demonologists
  5 trolls
  A polar bear (shapeshifter) (D:13)
  A hornet (D:13)
  A meliai (D:13)
  2 polar bears (Lair:4)
  8 blink frogs
  Prince Ribbit (D:7)
  A wind drake (Lair:3)
  6 dream sheep (Lair:5)
  5 slime creatures (D:13)
  A vampire (D:13)
  2 shadows
  A wyvern (Lair:4)
  A spriggan (shapeshifter) (D:13)
  6 spriggans (Lair:5)
  40 yaks
  3 basilisks
  2 redbacks (D:8)
  3 vampire mosquitoes (D:13)
  A steam dragon (D:8)
  A death yak simulacrum (IceCv)
  2 harpy simulacra (IceCv)
  5 nagas (Lair:4)
  A water moccasin (shapeshifter) (D:13)
  2 wargs (Orc:2)
  2 acid dragons
  36 water moccasins
  A black bear (Lair:1)
  27 orc warriors
  2 ice beasts
  2 sky beasts (D:7)
  13 ogres
  12 wolves
  A boggart (D:13)
  2 centaurs
  2 phantoms
  6 kobold brigands
  2 necrophages
  A gnoll sergeant (D:6)
  4 bullfrogs
  6 scorpions
  10 wights
  20 killer bees
  2 electric eels (D:11)
  4 howler monkeys
  3 lava snakes (D:8)
  4 hounds
  3 jellies
  9 orc priests
  3 iguanas
  3 iron imps (D:3)
  Crazy Yiuf (D:4)
  Ijyb (D:5)
  Natasha (thrice) (D:3)
  32 orc wizards
  A polar bear simulacrum (IceCv)
  A wolf simulacrum (IceCv)
  Robin (D:2)
  8 gnolls
  37 adders
  5 river rats (Sewer)
  A shadow imp (D:5)
  2 ufetubi (D:4)
  A worm (D:3)
  2 dart slugs (D:3)
  70 orcs
  9 ball pythons
  7 bats
  8 endoplasms
  6 giant cockroaches
  17 goblins
  12 hobgoblins
  7 jackals (Sewer)
  20 kobolds
  5 quokkas
  A frilled lizard (Sewer)
  4 rats
687 creatures vanquished.

Vanquished Creatures (collateral kills)
  A yak (Lair:6)
  A death yak simulacrum (IceCv)
  A polar bear simulacrum (IceCv)
3 creatures vanquished.

Vanquished Creatures (others)
  An orc priest (Orc:2)
  4 orc wizards (Orc:2)
  11 fungi
  28 plants
44 creatures vanquished.

Grand Total: 734 creatures vanquished

Notes
Turn   | Place    | Note
-------+----------+-------------------------------------------
     0 | D:1      | HendSelp the Human Gladiator began the quest for the Orb.
     0 | D:1      | Reached XP level 1. HP: 16/16 MP: 1/1
   281 | D:1      | Reached XP level 2. HP: 22/22 MP: 2/2
   670 | D:1      | Reached XP level 3. HP: 9/27 MP: 3/3
  1345 | D:2      | Reached skill level 1 in Armour
  1678 | D:2      | Reached XP level 4. HP: 33/33 MP: 4/4
  1692 | D:2      | Noticed Robin
  1979 | D:2      | Killed Robin
  2283 | D:2      | Reached XP level 5. HP: 39/39 MP: 5/5
  2396 | D:2      | Reached skill level 4 in Polearms
  2919 | D:3      | Found a snail-covered altar of Cheibriados.
  3217 | D:3      | Noticed Natasha
  3221 | D:3      | Killed Natasha
  3222 | D:3      | Reached XP level 6. HP: 37/46 MP: 6/6
  3454 | D:3      | Found a white marble altar of Elyvilon.
  3530 | D:3      | Noticed Natasha
  3536 | D:3      | Killed Natasha
  3687 | D:3      | Noticed Natasha
  3695 | D:3      | Killed Natasha
  3748 | D:3      | Found a burning altar of Makhleb.
  3786 | D:3      | Reached skill level 5 in Polearms
  3967 | D:3      | Found a faded altar of an unknown god.
  4112 | D:3      | Reached XP level 7. HP: 49/52 MP: 7/7
  4486 | D:4      | Found Xeloroh's General Store.
  4501 | D:4      | Found a staircase to the Ecumenical Temple.
  4646 | D:4      | Found a glowing drain.
  4650 | Sewer    | Entered a sewer
  4740 | Sewer    | Identified a scroll of acquirement
  4740 | Sewer    | Acquired 553 gold pieces
  5521 | Sewer    | Reached XP level 8. HP: 53/60 MP: 8/8
  5910 | D:4      | Reached skill level 6 in Polearms
  5957 | Temple   | Entered the Ecumenical Temple
  6100 | Temple   | Became a worshipper of Gozag Ym Sagoz the Greedy
  6148 | D:4      | Bought the +2 cloak of Yfun {rF++ rN+} for 604 gold pieces
  7238 | D:4      | Found a runed translucent door.
  7239 | D:4      | Noticed Crazy Yiuf
  7246 | D:4      | Killed Crazy Yiuf
  7293 | D:5      | Entered Level 5 of the Dungeon
  7510 | D:5      | Noticed Ijyb
  7530 | D:5      | Killed Ijyb
  7617 | D:5      | Reached skill level 7 in Polearms
  7767 | D:5      | Reached skill level 5 in Armour
  7767 | D:5      | Reached skill level 5 in Dodging
  7815 | D:5      | Reached XP level 9. HP: 66/66 MP: 9/9
  7878 | D:5      | Found a shimmering blue altar of Sif Muna.
  8291 | D:6      | Reached skill level 8 in Polearms
  8486 | D:6      | Found an ancient bone altar of Kikubaaqudgha.
  9299 | D:6      | Found a runed translucent gate.
  9299 | D:6      | Found a runed translucent gate.
  9301 | D:6      | Found a runed translucent gate.
  9301 | D:6      | Noticed zishaf's ghost (novice VSBr)
  9303 | D:6      | Noticed a kobold demonologist
  9818 | D:7      | Reached skill level 5 in Fighting
  9910 | D:7      | Found a sparkling altar of Nemelex Xobeh.
 10134 | D:7      | Noticed Prince Ribbit
 10161 | D:7      | Killed Prince Ribbit
 10486 | D:7      | Found an iron altar of Okawaru.
 10573 | D:7      | Reached skill level 9 in Polearms
 10581 | D:7      | Reached XP level 10. HP: 74/74 MP: 10/10
 10742 | D:8      | Found Boad's Weapon Shop.
 10768 | D:8      | Noticed a cyclops
 10776 | D:8      | Noticed a two-headed ogre
 10788 | D:8      | Killed a cyclops
 10797 | D:8      | Killed a two-headed ogre
 10798 | D:8      | Reached skill level 10 in Polearms
 11127 | D:8      | Identified the +3 hunting sling "Omarus" {vorpal, rF+
                  | Int+2}
 11577 | D:8      | Found a runed translucent door.
 11890 | D:8      | Found a runed translucent gate.
 11890 | D:8      | Found a runed translucent gate.
 11890 | D:8      | Found a runed translucent gate.
 11890 | D:8      | Found a runed translucent gate.
 11890 | D:8      | Found a runed translucent gate.
 11890 | D:8      | Found a runed translucent gate.
 11890 | D:8      | Noticed a boulder beetle
 11890 | D:8      | Noticed a lindwurm
 11890 | D:8      | Noticed a boulder beetle
 12782 | D:8      | Reached skill level 11 in Polearms
 13015 | D:9      | Reached XP level 11. HP: 76/83 MP: 11/11
 13565 | D:9      | Found a shadowy altar of Dithmenos.
 13566 | D:9      | Found a hazy altar of Hepliaklqana.
 13849 | D:10     | Entered Level 10 of the Dungeon
 14046 | D:10     | Found Ezosual's Distillery.
 14056 | D:10     | Identified the +1 robe of Onopom {rN+ Str+4}
 14224 | D:10     | Noticed a two-headed ogre
 14233 | D:10     | Killed a two-headed ogre
 14234 | D:10     | Reached skill level 12 in Polearms
 14261 | D:10     | Noticed an orc knight
 14290 | D:10     | Killed an orc knight
 14452 | D:10     | Found a staircase to the Orcish Mines.
 14487 | D:10     | Found a staircase to the Lair.
 14759 | D:11     | Noticed Maurice
 14778 | D:11     | Killed Maurice
 14852 | D:11     | Noticed Sonja
 14874 | D:11     | Killed Sonja
 14924 | D:11     | Noticed a two-headed ogre
 14935 | D:11     | Killed a two-headed ogre
 14993 | D:11     | Noticed Lodul
 14993 | D:11     | Noticed a two-headed ogre
 14993 | D:11     | Noticed a two-headed ogre
 14995 | D:11     | Noticed a two-headed ogre
 15004 | D:11     | Killed a two-headed ogre
 15005 | D:11     | Reached XP level 12. HP: 59/92 MP: 12/12
 15012 | D:11     | Killed Lodul
 15013 | D:11     | Reached skill level 13 in Polearms
 15017 | D:11     | Killed a two-headed ogre
 15020 | D:11     | Killed a two-headed ogre
 15148 | D:11     | Noticed a two-headed ogre
 15152 | D:11     | Killed a two-headed ogre
 15199 | D:11     | Noticed a seven-headed hydra
 15230 | D:11     | Killed a nine-headed hydra
 15625 | D:12     | Noticed a two-headed ogre
 15632 | D:12     | Killed a two-headed ogre
 15748 | D:12     | Identified the +4 ring mail "Kidior" {Dex-3 Slay+5 SInv}
 15827 | D:12     | Reached skill level 14 in Polearms
 16011 | Lair:1   | Entered Level 1 of the Lair of Beasts
 16284 | Lair:1   | Reached skill level 10 in Armour
 16299 | Lair:1   | Reached XP level 13. HP: 101/101 MP: 13/13
 16549 | Lair:1   | Noticed Fannar
 16570 | Lair:1   | Killed Fannar
 17039 | Lair:1   | Reached skill level 10 in Fighting
 17127 | D:10     | Bought the amulet "Napneh" {rElec Regen+ Str+3} for 704
                  | gold pieces
 17127 | D:10     | Bought the ring "Tithrigy" {rCorr Str+6} for 995 gold
                  | pieces
 17192 | Lair:2   | Reached skill level 15 in Polearms
 18124 | Lair:3   | Found a frozen archway.
 18146 | IceCv    | Entered an ice cave
 18471 | IceCv    | Identified the +4 shortbow "Maofron" {flame, Drain Dex+4}
 18545 | Lair:3   | Found a staircase to the Shoals.
 19425 | Lair:4   | Found a staircase to the Snake Pit.
 19830 | Lair:5   | Reached skill level 16 in Polearms
 19836 | Lair:5   | Reached XP level 14. HP: 86/111 MP: 14/14
 19951 | Lair:5   | You fall into a shaft and drop 1 floor!
 19951 | Lair:6   | Entered Level 6 of the Lair of Beasts
 19957 | Lair:5   | Found a runed translucent gate.
 19958 | Lair:5   | Found a runed translucent gate.
 19959 | Lair:5   | Found a runed translucent gate.
 19961 | Lair:5   | Noticed Caath's ghost (journeyman DrFi)
 20641 | Lair:5   | Identified the +2 scale mail of the Assorted Lives {rElec
                  | rC- Regen+ Int+5}
 20976 | Lair:5   | Found a staircase to the Slime Pits.
 22024 | Lair:6   | Reached skill level 17 in Polearms
 22086 | Lair:6   | Reached XP level 15. HP: 75/122 MP: 15/15
 22739 | Orc:1    | Entered Level 1 of the Orcish Mines
 23346 | Orc:2    | Entered Level 2 of the Orcish Mines
 23992 | Orc:2    | Found a staircase to the Elven Halls.
 24269 | Orc:2    | Found Cyggou's Jewellery Shop.
 24351 | Orc:2    | Found a radiant altar of Vehumet.
 24352 | Orc:2    | Noticed Erolcha
 24401 | Orc:2    | Killed Erolcha
 24448 | Orc:2    | Reached skill level 18 in Polearms
 24450 | Orc:2    | Found Qihorur's Magic Scroll Shop.
 24468 | Orc:2    | Gained mutation: You are weak. (Str -2) [a neqoxec]
 24471 | Orc:2    | Paralysed by an orc sorcerer for 6 turns
 24542 | Orc:2    | Found Forampae's Antique Armour Boutique.
 24571 | Orc:2    | Found Iddaenugg's Jewellery Boutique.
 24575 | Orc:2    | Bought a pair of twisted gloves for 247 gold pieces
 24575 | Orc:2    | Identified the +0 pair of gloves of the Ecumenical Temple
                  | {*Corrode rElec Dex+4} (You bought it in a shop on level 2
                  | of the Orcish Mines)
 24575 | Orc:2    | Bought a pair of heavily runed boots for 247 gold pieces
 24575 | Orc:2    | Identified the +1 pair of boots of Paranoia {Drain +Blink
                  | rC+} (You bought it in a shop on level 2 of the Orcish
                  | Mines)
 24617 | Orc:2    | Found an ancient bone altar of Kikubaaqudgha.
 25216 | D:12     | Gained mutation: Armour fits poorly on your strangely
                  | shaped body. [a neqoxec]
 25888 | D:13     | Found an opulent altar of Gozag.
 26202 | D:13     | Found Ruxasott's Magic Scroll Shop.
 26205 | D:13     | Bought a scroll of enchant armour for 82 gold pieces
 26205 | D:13     | Bought a scroll of enchant weapon for 82 gold pieces
 26205 | D:13     | Bought a scroll of enchant armour for 82 gold pieces
 26699 | D:8      | Reached XP level 16. HP: 90/131 MP: 16/16
 26969 | D:13     | Found a gate to the Vaults.
 27573 | D:13     | Noticed Urug
 27582 | D:13     | Killed Urug
 28071 | Lair:6   | Bought a scroll of immolation for 126 gold pieces
 28352 | D:13     | Paralysed by a hornet for 2 turns
 28405 | D:13     | Reached skill level 19 in Polearms
 28736 | D:13     | Identified the +8 hunting sling "Iluatt Waim" {venom, rN++
                  | Will-}
 28828 | D:13     | Shot with an arrow by a centaur warrior

Illustrated notes

Levels and vault maps discovered:
D:1:      kennysheep_arrival_seaside, layout_basic
D:2:      layout_loops_ring, uniq_robin
D:3:      layout_basic, mainiacjoe_overflow_tiny_flanked,
          mainiacjoe_overflow_catwalk, demons_altar,
          ebering_ecumenical_altar_webs, uniq_natasha
D:4:      layout_layer_cave, minmay_temple_entry_statues_fountains,
          serial_shops, nicolae_shop_behind_doors, gup_sewer_entry_spiral,
          minmay_door_square, minmay_fractal_squares_diagonal_5,
          uniq_crazy_yiuf_cottage
D:5:      layout_cave_pools, nicolae_sif_muna_condensation,
          hangedman_abyss_or_decor_passed, grunt_ministairs_2, uniq_ijyb
D:6:      layout_layer_cave, lemuel_round_altar, gammafunk_ghost_nasty_kobolds
D:7:      layout_basic, mainiacjoe_overflow_alcove_1,
          nemelex_spade_bored_becter, uniq_prince_ribbit1
D:8:      gammafunk_indiana_jones, layout_rooms, serial_shops, shop
D:9:      layout_cave_pools, riverfiend_overflow_shadow_ancestor
D:10:     layout_irregular_city, lair_entry_dummy, orc_0_dummy, serial_shops,
          nicolae_shop_waterfront, nicolae_wwwww
D:11:     layout_basic, uniq_sonja, uniq_lodul, uniq_maurice
D:12:     layout_big_octagon, serial_co_window_serial, co_window_paths_b,
          co_window_paths_a, co_window_cross_1, co_window_paths_a,
          co_window_corner_a, co_window_paths_b, co_window_of_opportunity_a,
          co_window_broadway_c, co_window_corner_b, co_window_unsneaky_path_b,
          co_window_broadway_b, co_window_corner_b, co_window_sun,
          glass_columns_c, glass_columns_c, glass_columns_a, glass_columns_c
D:13:     minmay_the_grid_square_5x5_5x5_mashed
          [minmay_the_grid_square_5x5_tetrominoes,
          minmay_the_grid_square_5x5_empty,
          minmay_the_grid_square_5x5_eight_small,
          minmay_the_grid_square_5x5_shuriken,
          minmay_the_grid_square_5x5_two_small,
          minmay_the_grid_square_5x5_inner_i,
          minmay_the_grid_square_5x5_prize_snowflake,
          minmay_the_grid_square_5x5_minibox,
          minmay_the_grid_square_5x5_prize_monsterx,
          minmay_the_grid_square_5x5_fat_x,
          minmay_the_grid_square_5x5_almost_minimal,
          minmay_the_grid_square_5x5_moneybag,
          minmay_the_grid_square_5x5_prize_junk,
          minmay_the_grid_square_5x5_inset, minmay_the_grid_square_5x5_eight,
          minmay_the_grid_square_5x5_shrine1,
          minmay_the_grid_square_5x5_prize_rear_guard,
          minmay_the_grid_square_5x5_tri_point,
          minmay_the_grid_square_5x5_prize_pseudospiral,
          minmay_the_grid_square_5x5_empty,
          minmay_the_grid_square_5x5_doubleslash,
          minmay_the_grid_square_5x5_minimal,
          minmay_the_grid_square_5x5_inverted_slash,
          minmay_the_grid_square_5x5_six_small,
          minmay_the_grid_square_5x5_three], layout_layer_cave,
          skrybe_vaults_entry_preservation, serial_shops, nicolae_shop_stone,
          nicolae_gozag_seed_capital, uniq_urug
Temple:   nicolae_temple_figure_eight
Lair:1:   layout_gridlike, st_stairs_10, grunt_forest_stairs_basic,
          lemuel_old_faithful, uniq_fannar
Lair:2:   dreamdust_cave_troll, layout_misc_corridors
Lair:3:   layout_roguey, minmay_shoals_entry_beasts,
          portal_ice_cave_entry_pillars_2, minivault_26, minivault_23,
          serial_bayou_pond_a
Lair:4:   layout_gridlike, minmay_snake_entry_guardpost_medium
Lair:5:   lemuel_reptile_caves, layout_regular_city,
          minmay_slime_entry_oklob_enclosed, gammafunk_ghost_split,
          wad_woods_01, lemuel_fruit_tree
Lair:6:   evilmike_catoblepas_cave, layout_regular_city,
          chequers_serial_rivers_micro_e, nicolae_lair_grove_arrangements
Orc:1:    layout_caves
Orc:2:    kennysheep_orc_mage_school, layout_diamond_mine, elves_outpost_lemuel

Skill      XL: |  1  2  3  4  5  6  7  8  9 10 11 12 13 14 15 16 |
---------------+-------------------------------------------------+-----
Armour         | 1 2 3 5 6 7 8 10 11 12 13 | 13.8
Polearms       | 4 5 7 9 11 12 14 16 17 18 19 | 19.4
Dodging        | 4 5 6 7 |  7.3
Fighting       | 3 4 5 6 8 9 10 12 13 14 | 14.2
Throwing       | |  2.2
Stealth        | |  0.3

Action                   |  1- 3 |  4- 6 |  7- 9 | 10-12 | 13-15 | 16-18 || total
-------------------------+-------+-------+-------+-------+-------+-------++-------
Melee: Trident           |    91 |   184 |   552 |   155 |   198 |       ||  1180
       Punch             |     1 |     3 |     7 |     4 |     5 |       ||    20
       Halberd           |       |       |       |   431 |   427 |       ||   858
       Bardiche          |       |       |       |       |   579 |   224 ||   803
Throw: Throwing net      |       |     1 |     3 |     6 |       |     1 ||    11
       Javelin           |       |       |       |       |     3 |       ||     3
Invok: Call Merchant     |       |       |       |     2 |     3 |       ||     5
       Potion Petition   |       |       |       |       |       |     3 ||     3
Evoke: Wand              |       |       |       |     6 |     1 |       ||     7
  Use: Scroll            |     5 |     6 |     7 |    15 |    18 |     7 ||    58
       Potion            |       |     3 |       |    11 |     7 |     3 ||    24
 Stab: Sleeping          |     1 |       |       |       |       |       ||     1
       Distracted        |       |     1 |       |     7 |     6 |     2 ||    16
       Held in net/web   |       |       |     1 |     6 |       |       ||     7
       Invisible         |       |       |       |       |     9 |       ||     9
       Fleeing           |       |       |       |       |       |     1 ||     1
Armor: Leather armour    |    18 |    42 |       |       |       |       ||    60
       Scale mail        |       |    27 |   280 |    43 |       |       ||   350
       Plate armour      |       |       |       |   245 |   700 |   153 ||  1098
Dodge: Dodged            |    67 |   125 |   336 |   432 |   699 |   115 ||  1774

Table legend: (Time is in decaauts)
 A = Elapsed time spent in this place.
 B = Non-inter-level travel time spent in this place.
 C = Inter-level travel time spent in this place.
 D = Time resting spent in this place.
 E = Time spent auto-exploring this place.
 F = Levels seen in this place.
 G = Mean time per level.
                   A        B        C        D        E       F      G
               +--------+--------+--------+--------+--------+-----+--------+
         Total |  28686 |  26054 |   2632 |   1590 |  19071 |  24 | 1195.2 |
       Dungeon |  18427 |  16724 |   1703 |   1277 |  12515 |  13 | 1417.5 |
        Temple |    169 |    143 |     26 |      0 |    131 |   1 |  169.0 |
          Lair |   6276 |   5535 |    741 |    116 |   4244 |   6 | 1046.0 |
  Orcish Mines |   2151 |   1990 |    161 |    114 |   1048 |   2 | 1075.5 |
         Sewer |   1333 |   1333 |      0 |      0 |   1067 |   1 | 1333.0 |
      Ice Cave |    327 |    327 |      0 |     83 |     64 |   1 |  327.0 |
               +--------+--------+--------+--------+--------+-----+--------+

Top non-repeatable levels by time:
     D:8: 2520 daAuts
    D:13: 2191 daAuts
     D:2: 1996 daAuts
     D:4: 1512 daAuts
  Lair:6: 1468 daAuts
    D:10: 1422 daAuts
     D:6: 1421 daAuts
  Lair:5: 1374 daAuts
     D:3: 1362 daAuts
   Sewer: 1333 daAuts
   Orc:2: 1224 daAuts
     D:7: 1158 daAuts
     D:1: 1150 daAuts
  Lair:1: 1056 daAuts
    D:12: 1018 daAuts
